AoeStats
← Greg The Egg

Arena

517618058Analyzed
3v3 RM · 16d ago on Oct 31, 2026· 41m 24s· 6 players
Game mode
Random Map
Map size
Normal (6 player)
Population
200
Speed
Normal
Resources
Standard
Victory
Conquest
Starting age
Dark Age
Ending age
Imperial Age
RankedLock teamsTeams togetherTeam positionsShared explorationLock speedFull tech treeHidden civsTurbo modeCheats
Victory
Defeat
🇰🇷 Burmese · South Korea
1140
+16
🇨🇳 Spanish · China
1137
+16
🇨🇴 Poles · Colombia
1135
+16
vs
🇳🇿 Magyars · New Zealand
1198
-19
🇳🇿 Malay · New Zealand
1197
-19
🇳🇿 Franks · New Zealand
996
-10
R2C2
5:25 Loom
10:16 Feudal Age
11:01 Double-Bit Axe
15:12 Castle Age
13:34 Stone Mining
31:31 Gold Mining
36:02 Imperial Age
34:42 Fletching
34:53 Padded Archer Armor
35:08 Forging
35:28 Scale Barding Armor
36:50 Wheelbarrow
37:17 Husbandry
40:36 Hand Cart
FUUUUUUUUUUUUUUUUUUUUUUUUU
9:57 Feudal Age
9:32 Double-Bit Axe
9:31 Horse Collar
16:14 Castle Age
14:28 Gold Mining
16:28 Bow Saw
19:05 Wheelbarrow
18:16 Loom
18:26 Fletching
20:52 Town Watch
23:27 Heavy Plow
28:11 Imperial Age
26:44 Gold Shaft Mining
27:12 Hand Cart
27:03 Bodkin Arrow
28:44 Chemistry
28:33 Bracer
28:30 Crossbowman
29:52 Conscription
29:45 Arbalester
31:48 Siege Engineers
33:24 Forging
32:39 Pikeman
35:12 Murder Holes
35:28 Masonry
35:40 Ballistics
36:04 Halberdier
38:34 Squires
38:20 Arson
38:54 Heavy Plow
Greg The Egg
11:01 Feudal Age
12:38 Double-Bit Axe
15:14 Castle Age
13:11 Horse Collar
13:26 Gold Mining
15:30 Fletching
15:41 Padded Archer Armor
17:07 Bow Saw
17:24 Bloodlines
19:12 Bodkin Arrow
19:54 Ballistics
22:15 Husbandry
23:48 Leather Archer Armor
25:26 Bow Saw
28:49 Wheelbarrow
28:00 Loom
28:01 Town Watch
30:33 Horse Collar
32:43 Hand Cart
36:42 Imperial Age
36:37 Heavy Plow
37:19 Scale Barding Armor
37:08 Stone Mining
38:30 Two-Man Saw
38:43 Chemistry
37:46 Bracer
38:18 Ring Archer Armor
38:29 Chain Barding Armor
38:56 Parthian Tactics
Gokhy
11:16 Feudal Age
15:05 Castle Age
13:37 Horse Collar
13:43 Double-Bit Axe
15:52 Loom
22:17 Wheelbarrow
28:05 Imperial Age
26:15 Town Watch
26:56 Scale Barding Armor
27:01 Forging
27:12 Heavy Plow
28:14 Gold Mining
29:56 Chemistry
29:11 Husbandry
29:22 Bloodlines
29:38 Conscription
29:18 Cavalier
32:34 Treadmill Crane
33:04 Masonry
32:22 Light Cavalry
33:41 Chain Barding Armor
33:56 Iron Casting
34:42 Lechitic Legacy
34:35 Szlachta Privileges
35:02 Bow Saw
34:46 Stone Mining
37:02 Stone Shaft Mining
37:06 Ballistics
36:56 Masonry
37:02 Masonry
38:22 Blast Furnace
37:14 Fletching
39:26 Winged Hussar
40:25 Hand Cart
cerulean0426
9:03 Feudal Age
13:59 Castle Age
12:33 Horse Collar
15:16 Wheelbarrow
15:11 Heavy Plow
24:08 Gold Mining
26:06 Gold Shaft Mining
27:15 Hand Cart
29:39 Imperial Age
27:54 Scale Barding Armor
28:41 Forging
28:44 Bloodlines
29:24 Husbandry
30:17 Chain Barding Armor
29:42 Elite Battle Elephant
30:29 Devotion
31:32 Conscription
33:31 Iron Casting
33:55 Plate Barding Armor
33:33 Howdah
34:36 Light Cavalry
36:25 Faith
35:36 Hussar
38:16 Crop Rotation
38:16 Ballistics
38:56 Chemistry
42:33 Blast Furnace
41:08 Man-at-Arms
你爱不爱我
11:21 Feudal Age
14:46 Castle Age
12:55 Double-Bit Axe
13:04 Loom
13:07 Horse Collar
17:39 Bow Saw
19:42 Padded Archer Armor
21:21 Leather Archer Armor
25:32 Fletching
28:01 Wheelbarrow
27:57 Town Watch
32:01 Bodkin Arrow
33:26 Gold Mining
33:28 Stone Mining
37:28 Imperial Age
37:13 Scale Mail Armor
37:23 Forging
38:29 Chain Mail Armor
37:40 Pikeman
38:21 Squires
38:47 Halberdier
41:50 Plate Mail Armor
42:00 Iron Casting
Connection lost

Rejoining the realm…

Still unreachable

The connection could not be restored.

Session expired

The server has moved on; the page needs a fresh start.